 Dungeon Crawl Stone Soup version 0.27.1-3-gb3d3a73c9e (webtiles) character file.

Game seed: 5263166088257782053

7585 horus123 the Destroyer (level 10, -6/52 HPs)
             Began as a Deep Elf Conjurer on Oct 6, 2021.
             Was a Believer of Vehumet.
             Mangled by a centaur warrior (12 damage)
             ... on level 10 of the Dungeon.
             The game lasted 00:31:40 (11020 turns).

horus123 the Destroyer (Deep Elf Conjurer)         Turns: 11020, Time: 00:31:42

Health: -6/52      AC: 10    Str:  4    XL:     10   Next: 97%
Magic:  10/27      EV: 17    Int: 36    God:    Vehumet [**....]
Gold:   429        SH:  0    Dex: 13    Spells: 7/31 levels left

rFire    + . .     SeeInvis .   f - +3 dagger (protect)
rCold    . . .     Faith    .   (no shield)
rNeg     . . .     Spirit   .   t - +1 robe {rF+}
rPois    .         Reflect  .   b - +2 helmet {Int+3}
rElec    .         Harm     .   C - +2 cloak {Will+}
rCorr    .         Rampage  .   y - +0 pair of gloves
Will     ++...                  (no boots)
Stlth    +++.......             (no amulet)
HPRegen  0.17/turn              m - +6 ring of intelligence
MPRegen  0.20/turn              u - +4 ring of evasion

@: no status effects
A: no striking features
a: Renounce Religion


You were on level 10 of the Dungeon.
You worshipped Vehumet.
Vehumet was pleased with you.
You visited 2 branches of the dungeon, and saw 11 of its levels.

You collected 429 gold pieces.

Inventory:

Hand Weapons
 f - a +3 dagger of protection (weapon)
Armour
 b - a +2 helmet of intelligence (worn)
 t - a +1 robe of fire resistance (worn)
 y - a +0 pair of gloves (worn)
 C - a +2 cloak of willpower (worn)
Jewellery
 m - a +6 ring of intelligence (left hand)
 o - a ring of fire
 p - a +4 ring of slaying
 q - a ring of flight
 u - a +4 ring of evasion (right hand)
 B - a ring of positive energy
Wands
 v - a wand of polymorph (11)
 x - a wand of iceblast (6)
Scrolls
 a - a scroll of identify
 k - 2 scrolls of teleportation
 r - 2 scrolls of fear
 s - 2 scrolls of silence
 w - a scroll of amnesia
Potions
 c - a potion of haste
 d - a potion of mutation
 e - 2 potions of curing
 g - a potion of cancellation
 h - 2 potions of lignification
 i - a potion of brilliance
 j - a potion of invisibility
 l - 2 potions of degeneration
 n - a potion of flight
 z - a potion of might


   Skills:
 + Level 1.3 Fighting
 + Level 4.4 Dodging
 + Level 5.3 Stealth
 + Level 11.3 Spellcasting
 * Level 11.7 Conjurations
 + Level 6.1 Hexes
 * Level 8.5 Earth Magic


You had 7 spell levels left.
You knew the following spells:

 Your Spells              Type           Power      Damage    Failure   Level
a - Magic Dart            Conj           100%       1d8       0%          1
b - Searing Ray           Conj           100%       3d7       1%          2
c - Dazzling Flash        Conj/Hex       100%       N/A       1%          3
d - Fulminant Prism       Conj/Hex       35%        3d18      1%          4
e - Stone Arrow           Conj/Erth      100%       3d13      1%          3
f - Lehudib's Crystal Sp  Conj/Erth      37%        10d9      91%         8
g - Frozen Ramparts       Ice            40%        1d6       6%          3

Your spell library contained the following spells:

 Spells                   Type           Power      Damage    Failure   Level
 Slow                     Hex            59%        N/A       1%          2
 Confusing Touch          Hex            59%        N/A       1%          3
 Iskenderun's Mystic Bla  Conj/Tloc      58%        2d12      1%          4
 Animate Armour           Summ/Erth      100%       N/A       3%          4
 Gell's Gravitas          Tloc           10%        N/A       6%          3
 Teleport Other           Tloc           20%        N/A       6%          3
 Vampiric Draining        Necr           10%        2d7       6%          3
 Dispersal                Tloc           10%        N/A       97%         6


Dungeon Overview and Level Annotations

Branches:
Dungeon (10/15)            Temple (1/1) D:4
   Lair: D:8-11         Orc: D:9-12

Altars:
Ashenzari
Cheibriados
Elyvilon
Fedhas
Gozag
Hepliaklqana
Makhleb
Nemelex Xobeh
Okawaru
Qazlal
Ru
Sif Muna
Uskayaw
Vehumet
Wu Jian
Xom
Yredelemnul
The Shining One

Shops:
D:4 :   D:5 :


Message History

Aim: Erica, wielding a +4 scimitar of flaming and wearing a +2 robe of willpower (moderately wounded, fast, 75% to hit)
The stone arrow hits Erica!
Erica is heavily wounded.
The centaur warrior shouts!
The centaur warrior wields a +0 shortbow.
The centaur warrior shoots an arrow.
The arrow closely misses you.
Aiming: Stone Arrow (safe; 1% risk of failure)
Press: ? - help, Q - select action, (/) - cycle Shift-Dir - straight line, f/p - Erica
Aim: Erica, wielding a +4 scimitar of flaming and wearing a +2 robe of willpower (heavily wounded, fast, 75% to hit)
The stone arrow misses Erica.
The centaur warrior shoots an arrow.
The arrow barely misses you.
Okay, then.
The stone arrow hits Erica!!
Erica is severely wounded.
The centaur warrior shoots an arrow.
The arrow misses you.
Erica hits you with a +4 scimitar of flaming!
Erica burns you.
The stone arrow misses Erica.
The centaur warrior shoots an arrow.
The arrow completely misses you.
Erica hits you with a +4 scimitar of flaming.
The centaur warrior shoots an arrow.
The arrow hits you!
Erica casts a spell.
Erica flickers and vanishes!
Deactivating autopickup; reactivate with Ctrl-A.
Aiming: Stone Arrow (safe; 1% risk of failure)
Press: ? - help, Q - select action, (/) - cycle Shift-Dir - straight line The stone arrow hits something!!
Vehumet accepts your kill.
Reactivating autopickup.
You feel a bit more experienced.
The centaur warrior shoots an arrow.
The arrow hits you!
* * * LOW HITPOINT WARNING * * *
Blink to where?
Press: ? - help, Dir - move target
As you read the scroll of blinking, it crumbles to dust.
The centaur warrior unwields a +0 shortbow.
The centaur warrior hits you.
* * * LOW HITPOINT WARNING * * *
The centaur warrior misses you. The centaur warrior hits you!
You die...

..#..# #........# ..#..#
#......?.# ... ..#..#
#........# .... ..#..#
#........####...
..#..###.............. .
..#.........ยง)...#..##..
'##.....................
........................
.....##.....#..#@.#.
..#..##..........c....#
........................
########################


You could see a centaur warrior.

Vanquished Creatures
  Erica (D:10)
  Maurice (D:9)
  Prince Ribbit (D:8)
  15 yaks
  A wyvern (D:8)
  A steam dragon (D:7)
  3 water moccasins
  7 orc warriors
  A sky beast (D:5)
  2 ice beasts (D:6)
  A black bear (D:5)
  3 centaurs
  3 ogres
  A phantom (D:6)
  A bullfrog (D:7)
  A water moccasin zombie (D:7)
  2 scorpions
  A water moccasin skeleton (D:6)
  8 killer bees
  12 wights
  2 howler monkeys
  A bullfrog zombie (D:6)
  4 jellies
  A centaur zombie (D:5)
  A hound (D:5)
  2 orc priests
  A centaur skeleton (D:7)
  5 iguanas
  6 orc wizards
  A killer bee zombie (D:6)
  3 gnolls (D:6)
  5 adders
  A shadow imp (D:6)
  An ufetubus (D:6)
  A worm (D:2)
  A dart slug (D:1)
  44 orcs
  6 endoplasms
  5 giant cockroaches
  11 goblins
  8 hobgoblins
  4 jackals (D:3)
  11 kobolds
  4 quokkas
  7 ball pythons
  9 bats
  A frilled lizard (D:1)
  9 rats
221 creatures vanquished.

Vanquished Creatures (collateral kills)
  2 killer bees (D:8)
2 creatures vanquished.

Vanquished Creatures (others)
  8 fulminant prisms
8 creatures vanquished.

Grand Total: 231 creatures vanquished

Notes
Turn   | Place    | Note
-------+----------+-------------------------------------------
     0 | D:1      | horus123 the Deep Elf Conjurer began the quest for the Orb.
     0 | D:1      | Reached XP level 1. HP: 10/10 MP: 6/6
   122 | D:1      | Reached XP level 2. HP: 15/15 MP: 0/8
   167 | D:1      | Learned a level 2 spell: Searing Ray
   552 | D:1      | Found a faded altar of an unknown god.
   558 | D:1      | Reached skill level 5 in Conjurations
   693 | D:1      | Identified a scroll of acquirement
   693 | D:1      | Acquired a +2 helmet of intelligence
   893 | D:1      | Reached XP level 3. HP: 19/19 MP: 5/10
   897 | D:1      | Learned a level 3 spell: Dazzling Flash
  1445 | D:2      | Reached skill level 1 in Hexes
  1468 | D:2      | Found a white marble altar of Elyvilon.
  2128 | D:3      | Reached XP level 4. HP: 24/24 MP: 8/11
  2133 | D:3      | Learned a level 4 spell: Fulminant Prism
  3001 | D:4      | Found Koikhlof's Book Shop.
  3014 | D:4      | Reached XP level 5. HP: 28/28 MP: 8/13
  3358 | D:4      | Reached skill level 5 in Spellcasting
  3358 | D:4      | Reached XP level 6. HP: 14/32 MP: 1/15
  3591 | D:4      | Found a staircase to the Ecumenical Temple.
  3597 | Temple   | Entered the Ecumenical Temple
  3624 | Temple   | Became a worshipper of Vehumet
  4006 | D:4      | Found an ornate altar of the Wu Jian Council.
  4011 | D:4      | Learned a level 3 spell: Stone Arrow
  4101 | D:5      | Entered Level 5 of the Dungeon
  4349 | D:5      | Noticed a sky beast
  4359 | D:5      | Reached XP level 7. HP: 36/36 MP: 8/18
  4704 | D:5      | Found Moxinymo's Book Shoppe.
  4719 | D:5      | Reached skill level 1 in Earth Magic
  4894 | D:5      | Reached XP level 8. HP: 42/42 MP: 14/21
  4969 | D:5      | Reached skill level 5 in Hexes
  5718 | D:6      | Reached * piety under Vehumet
  5718 | D:6      | Offered knowledge of Sandblast by Vehumet.
  5808 | D:6      | Reached skill level 1 in Fighting
  6007 | D:6      | Reached skill level 5 in Stealth
  6007 | D:6      | Reached XP level 9. HP: 27/47 MP: 9/24
  6910 | D:7      | Reached skill level 5 in Earth Magic
  6914 | D:7      | Offered knowledge of Freeze by Vehumet.
  7384 | D:7      | Reached ** piety under Vehumet
  8015 | D:8      | Reached skill level 10 in Spellcasting
  8022 | D:8      | Reached skill level 10 in Conjurations
  8022 | D:8      | Reached XP level 10. HP: 52/52 MP: 4/26
  8145 | D:8      | Learned a level 8 spell: Lehudib's Crystal Spear
  8479 | D:8      | Identified the +7 falchion "Saczoiwe" {drain, Dex+6}
  8861 | D:8      | Noticed Prince Ribbit
  8865 | D:8      | Killed Prince Ribbit
  9819 | D:9      | Offered knowledge of Frozen Ramparts by Vehumet.
 10058 | D:9      | Learned a level 3 spell: Frozen Ramparts
 10615 | D:9      | Noticed Maurice
 10700 | D:9      | Killed Maurice
 10963 | D:10     | Entered Level 10 of the Dungeon
 11010 | D:10     | Noticed Erica
 11013 | D:10     | Noticed a centaur warrior
 11019 | D:10     | Killed Erica
 11020 | D:10     | Mangled by a centaur warrior

Illustrated notes

Levels and vault maps discovered:
D:1:      onia_arrival_pyramid, layout_basic,
          hellmonk_ecumenical_altar_slurped_away, minmay_hedge_maze
D:2:      layout_basic, basic_altar, minmay_tetromino_s4
D:3:      layout_basic
D:4:      layout_basic, nicolae_wu_jian_immortal_techniques,
          minmay_temple_entry_hall, serial_shops, shop
D:5:      black_bear_nest_2, layout_rooms, serial_shops,
          nicolae_shop_statue_plus, grunt_tough_drop
D:6:      minmay_clustersquares, layout_rooms, minmay_misc_feat_enclosed
D:7:      layout_loops_ring
D:8:      layout_basic, chequers_serial_rivers_small_a, uniq_prince_ribbit1
D:9:      layout_cave_pods, grunt_decor_one_mirror, uniq_maurice
D:10:     layout_stronghold, grunt_lair_entry_orc_guard_hut, feat_on_display,
          uniq_erica
Temple:   dpeg_three_leaves_temple

Skill      XL: |  1  2  3  4  5  6  7  8  9 10 |
---------------+-------------------------------+-----
Conjurations   | 5 6 7 8 10 11 | 11.7
Hexes          | 1 2 3 4 6 |  6.1
Stealth        | 3 5 |  5.3
Spellcasting   | 4 5 6 7 9 10 11 | 11.3
Earth Magic    | 1 3 7 8 |  8.5
Fighting       | 1 |  1.3
Dodging        | 3 4 |  4.4

Action                   |  1- 3 |  4- 6 |  7- 9 | 10-12 || total
-------------------------+-------+-------+-------+-------++-------
Melee: Unarmed           |     1 |       |       |       ||     1
       Dagger            |       |     3 |       |       ||     3
 Cast: Magic Dart        |    61 |     3 |     8 |       ||    72
       Searing Ray       |    13 |    35 |     6 |     6 ||    60
       Fulminant Prism   |       |     1 |     2 |     5 ||     8
       Stone Arrow       |       |    11 |   102 |    55 ||   168
  Use: Scroll            |     6 |     7 |    15 |     5 ||    33
       Potion            |       |     2 |     1 |       ||     3
Armor: Robe              |     2 |     2 |    12 |     5 ||    21
Dodge: Dodged            |     3 |    15 |    40 |    32 ||    90
